 Dungeon Crawl Stone Soup version 0.29.1-2-gbd0b4ee654 (webtiles) character file.

Game seed: 7624947291473912712

245 DildoBatman the Conjurer (level 6, -1/42 HPs)
             Began as a Formicid Conjurer on Nov 1, 2022.
             Slain by Pikel
             ... wielding a +1 whip of flaming
              (2 damage)
             ... on level 4 of the Dungeon.
             The game lasted 00:09:13 (2341 turns).

DildoBatman the Conjurer (Formicid Conjurer)        Turns: 2341, Time: 00:09:14

Health: -1/42      AC:  2    Str: 11    XL:     6   Next: 32%
Magic:  4/9        EV: 12    Int: 18    God:
Gold:   141        SH:  5    Dex: 14    Spells: 3/9 levels left

rFire   + . .      SeeInvis +   k - +4 hand axe of Ignis {spect, rF+ Stlth+}
rCold   . . .      Faith    .   u - +0 buckler
rNeg    . . .      Spirit   .   a - +0 robe
rPois   +          Reflect  .   (helmet unavailable)
rElec   .          Harm     .   i - scarf {shadows}
rCorr   +          Rampage  .   (no gloves)
Will    .....                   (no boots)
Stlth   +++.......              m - amulet of magic regeneration
HPRegen 0.14/turn               o - ring of poison resistance
MPRegen 0.51/turn               j - ring of resist corrosion

@: no status effects
A: permanent stasis, dig shafts and tunnels, antennae 3, four strong arms
a: Dig, Shaft Self


You were on level 4 of the Dungeon.
You visited 1 branch of the dungeon, and saw 4 of its levels.

You collected 141 gold pieces.

Inventory:

Hand Weapons
 k - the +4 hand axe of Ignis (weapon) {spect, rF+ Stlth+}
   (You found it on level 2 of the Dungeon)

   When its wielder attacks, the weapon's spirit leaps out and strikes again.
   The spirit shares a part of any damage it takes with its wielder.
   rF:        It protects you from fire.
   Stlth:     It makes you more stealthy.
Missiles
 e - 45 stones
Armour
 a - a +0 robe (worn)
 i - a scarf of shadows (worn)
 u - a +0 buckler (worn)
Jewellery
 g - an amulet of faith
 j - a ring of resist corrosion (right hand)
 m - an amulet of magic regeneration (around neck)
 o - a ring of poison resistance (left hand)
Scrolls
 c - a scroll of teleportation {unknown}
 n - a scroll of amnesia {unknown}
 p - a scroll of fog
 q - a scroll of blinking {unknown}
 s - a scroll of vulnerability {unknown}
 t - a scroll of poison {unknown}
 v - a scroll of enchant armour
 z - a scroll of identify
Potions
 b - a potion of magic
 f - a potion of flight {unknown}
 h - a potion of brilliance {unknown}
 r - a potion of lignification {unknown}


   Skills:
 * Level 0.3 Fighting
 * Level 0.3 Armour
 * Level 1.8 Dodging
 - Level 2.4 Stealth
 - Level 3.0 Shields
 - Level 2.1 Spellcasting
 - Level 6.0 Conjurations
 * Level 0.4 Earth Magic


You had 3 spell levels left.
You knew the following spells:

 Your Spells              Type           Power      Damage    Failure   Level
a - Searing Ray           Conj           46%        2d6       2%          2
b - Stone Arrow           Conj/Erth      26%        3d8       17%         3
c - Magic Dart            Conj           92%        1d7       1%          1

Your spell library contained the following spells:

 Spells                   Type           Power      Damage    Failure   Level
 Sandblast                Erth           6%         2d5       19%         1
 Dazzling Flash           Conj/Hex       24%        N/A       19%         3
 Passwall                 Tmut/Erth      1%         N/A       30%         2
 Ensorcelled Hibernation  Hex/Ice        2%         N/A       32%         2
 Fulminant Prism          Conj/Hex       6%         3d7       54%         4
 Iskenderun's Mystic Bla  Conj/Tloc      12%        2d5       54%         4
 Swiftness                Air            Unusable   N/A       N/A         3

Dungeon Overview and Level Annotations

Branches:
Dungeon (4/15)
 Temple: D:4-7

Altars:
Gozag
Okawaru
Zin

Shops:
D:3 *

Annotations:
D:4 exclusions: lemure and 2 sensed monsters (detected), Pikel


Innate Abilities, Weirdness & Mutations

You cannot be hasted, slowed, berserked, paralysed or teleported.
You can dig through walls and to a lower floor.
You have a pair of large antennae on your head. (SInv)
Your four strong arms can wield two-handed weapons with a shield.


Message History

Pikel attacks as you move away!
Pikel hits you with a +1 whip of flaming!
Pikel burns you. Pikel attacks as you move away!
Pikel hits you with a +1 whip of flaming!
There is a stone staircase leading up here.
Press: ? - help, v - describe, . - travel
Here: Pikel, wielding a +1 whip of flaming and wearing a +0 robe The floor, spattered with blood.
Unknown command.
Unknown command.
Unknown command.
Casting: Searing Ray (safe; 2% risk of failure)
Confirm with . or Enter, or press ? or * to list all spells.
Aiming: Searing Ray (safe; 2% risk of failure)
Press: ? - help, Shift-Dir - straight line, f - Pikel
Aim: Pikel, wielding a +1 whip of flaming and wearing a +0 robe (72% to hit)
Okay, then.
Casting: Searing Ray (safe; 2% risk of failure)
Confirm with . or Enter, or press ? or * to list all spells.
The spell is quite dangerous to miscast (17% risk of failure)!
Continue anyway?
Aiming: Stone Arrow (quite dangerous; 17% risk of failure)
Press: ? - help, Shift-Dir - straight line, f - Pikel
Aim: Pikel, wielding a +1 whip of flaming and wearing a +0 robe (60% to hit)
The stone arrow hits Pikel.
Pikel is lightly wounded.
Pikel says, "You'll feel the lick of my whip!"
Pikel hits you with a +1 whip of flaming!
Pikel burns you.
Casting: Stone Arrow (quite dangerous; 17% risk of failure)
Confirm with . or Enter, or press ? or * to list all spells.
The spell is quite dangerous to miscast (17% risk of failure)!
Continue anyway?
Aiming: Stone Arrow (quite dangerous; 17% risk of failure)
Press: ? - help, Shift-Dir - straight line, f/p - Pikel
Aim: Pikel, wielding a +1 whip of flaming and wearing a +0 robe (lightly wounded, 60% to hit)
The stone arrow hits Pikel!
Pikel is moderately wounded.
Pikel hits you with a +1 whip of flaming!
Pikel burns you.
You die...

##############
#########....[.....).#
#..5K@....#########.#.
#.######### ..### #.#
### #.# #{# { #.##
#5.# { ##.# .# .#. #.#
.#....


You could see Pikel and a lemure.

Vanquished Creatures
  2 lemures (D:4)
  A hound (D:4)
  2 orc wizards (D:3)
  An iguana (D:4)
  4 gnolls
  An adder (D:3)
  3 worms
  2 dart slugs
  9 orcs
  6 endoplasms
  4 giant cockroaches
  9 goblins
  2 hobgoblins
  4 kobolds
  4 quokkas
  2 ball pythons
  5 bats
  4 frilled lizards
  5 rats
70 creatures vanquished.

Vanquished Creatures (others)
  36 plants (D:1)
36 creatures vanquished.

Grand Total: 106 creatures vanquished

Notes
Turn   | Place    | Note
-------+----------+-------------------------------------------
     0 | D:1      | DildoBatman the Formicid Conjurer began the quest for the
                  | Orb.
     0 | D:1      | Reached XP level 1. HP: 13/13 MP: 3/3
   239 | D:1      | Reached XP level 2. HP: 19/19 MP: 3/5
   242 | D:1      | Learned a level 2 spell: Searing Ray
   259 | D:1      | Reached skill level 4 in Conjurations
   381 | D:2      | Identified the +4 hand axe of Ignis {spect, rF+ Stlth+}
   618 | D:2      | Reached XP level 3. HP: 24/24 MP: 4/6
   674 | D:2      | Found an opulent altar of Gozag.
  1276 | D:1      | Learned a level 3 spell: Stone Arrow
  1300 | D:1      | Reached XP level 4. HP: 30/30 MP: 4/7
  1452 | D:1      | Reached skill level 5 in Conjurations
  1525 | D:3      | Found a glowing silver altar of Zin.
  1638 | D:3      | Found an iron altar of Okawaru.
  1684 | D:3      | Reached XP level 5. HP: 28/35 MP: 1/8
  2053 | D:3      | Reached skill level 1 in Shields
  2060 | D:3      | Found Xoanaaz's General Store.
  2190 | D:4      | Noticed a lemure
  2219 | D:4      | Reached skill level 6 in Conjurations
  2244 | D:4      | Reached XP level 6. HP: 36/41 MP: 0/9
  2308 | D:4      | Noticed Pikel
  2341 | D:4      | HP: 1/42 [Pikel/+1 whip of flaming (9)]
  2341 | D:4      | Slain by Pikel

Illustrated notes

Levels and vault maps discovered:
D:1:      roderic_crop_circles_arrival_small, layout_loops_cross,
          nicolae_wormholes
D:2:      layout_loops_cross, basic_altar
D:3:      layout_loops_ring, mainiacjoe_overflow_tiny_flanked,
          mainiacjoe_overflow_chevrons, serial_shops, nicolae_diamond_shop
D:4:      layout_loops_ring, uniq_pikel

Skill      XL: |  1  2  3  4  5  6 |
---------------+-------------------+-----
Conjurations   | 4 5 6 |  6.0
Shields        | 2 3 |  3.0
Fighting       | |  0.3
Armour         | |  0.3
Dodging        | |  1.8
Stealth        | |  2.4
Spellcasting   | |  2.1
Earth Magic    | |  0.4

Action                   |  1- 3 |  4- 6 || total
-------------------------+-------+-------++-------
Melee: Unarmed           |     5 |       ||     5
       Lajatang          |     1 |       ||     1
 Cast: Magic Dart        |    56 |    29 ||    85
       Searing Ray       |     6 |    19 ||    25
       Stone Arrow       |       |     2 ||     2
  Use: Scroll            |       |     2 ||     2
Dodge: Dodged            |     5 |     5 ||    10
Block: Buckler           |       |     4 ||     4
